 Dungeon Crawl Stone Soup version 0.31-a0-523-g071a6c1ffa (webtiles) character file.

Game seed: 15321314040782291653

928 Shayle the Fighter (level 8, 0/133 HPs)
             Began as an Ogre Shapeshifter on Aug 11, 2023.
             Was an Initiate of Gozag.
             Slain by a gnoll
             ... wielding a +0 whip
             ... led by a gnoll bouda
              (5 damage)
             ... on level 5 of the Dungeon.
             The game lasted 00:15:09 (5389 turns).

Shayle the Fighter (Ogre Shapeshifter)              Turns: 5389, Time: 00:15:10

Health: 0/133      AC: 24    Str: 20    XL:     8   Next: 11%
Magic:  8/8        EV:  1    Int: 11    God:    Gozag
Gold:   347        SH:  0    Dex:  9    Spells: 7/7 levels left

rFire   + . .        g - +3 bardiche (heavy)
rCold   + . .        (shield currently unavailable)
rNeg    . . .        a - melded +0 animal skin
rPois   +            (helmet currently unavailable)
rElec   +            (cloak currently unavailable)
rCorr   +            (gloves unavailable)
SInv    .            (boots unavailable)
Will    .....        e - amulet of magic regeneration
Stlth   +            h - ring of poison resistance
HPRegen 0.42/turn    l - +5 ring of evasion
MPRegen 0.51/turn

%: no passive effects
@: tree-form, resistant
A: stationary, stasis, torment immunity, boosted hp, large, unfitting armour,
(tough skin 1)
a: Renounce Religion, Potion Petition, Call Merchant, Bribe Branch


You were on level 5 of the Dungeon.
You worshipped Gozag.
Gozag was aware of your devotion.
You were a tree.
You visited 1 branch of the dungeon, and saw 5 of its levels.
You also visited: Ossuary.

You collected 729 gold pieces.
You spent 143 gold pieces at shops.
You paid 239 gold pieces to Gozag.

Inventory:

Hand Weapons
 g - a +3 heavy bardiche (weapon)
Armour
 a - a +0 animal skin (melded)
Jewellery
 e - an amulet of magic regeneration (around neck)
 h - a ring of poison resistance (left branch)
 k - a ring of protection from fire
 l - a +5 ring of evasion (right branch)
Talismans
 c - a beast talisman
 d - a flux talisman
Scrolls
 m - 3 scrolls of revelation
 p - 2 scrolls of identify
 t - a scroll of silence
Potions
 b - a potion of attraction {unknown}
 f - a potion of enlightenment
 j - a potion of might
 n - 2 potions of cancellation
 o - a potion of resistance
 r - 2 potions of brilliance


   Skills:
 + Level 8.3 Fighting
 - Level 1.9 Dodging
 + Level 6.3 Unarmed Combat
 - Level 3.0 Shapeshifting


You had 7 spell levels left.
You didn't know any spells.
Your spell library contained the following spells:

 Spells                   Type           Power      Damage    Failure   Level
 Sting                    Tmut/Pois      0%         1d3       34%         1
 Poisonous Vapours        Pois/Air       0%         N/A       47%         2
 Olgreb's Toxic Radiance  Pois           0%         N/A       98%         4


Dungeon Overview and Level Annotations

Branches:
Dungeon (5/15)            Ossuary (visited)
 Temple: D:4-7

Altars:
Gozag
Okawaru
Qazlal
Uskayaw
Wu Jian

Shops:
D:5 !

Annotations:
D:2 1 runed translucent door, Crazy Yiuf


Innate Abilities, Weirdness & Mutations

You are a tree.
Your roots penetrate the ground, keeping you stationary.
You cannot be teleported.
You are immune to unholy pain and torment.
Your maximum health is greatly increased.
Your equipment is partially melded.
You are too large for most types of armour.
((You have tough skin. (AC +1)))


Message History

You flicker back into view.
Things that are here:
a +0 club; a +0 spear
Things that are here:
a +0 spear; a +0 whip; a +0 leather armour You feel better.
The gnoll completely misses you.
You see here a +0 flail.
The gnoll attacks as you move away! The gnoll hits you with a +0 whip.
* * * LOW HITPOINT WARNING * * *
[a] - 729 gold - haste, resistance, lignification and might [b] - 200 gold - resistance [c] - 675 gold - lignification, might, resistance and haste Purchase which effect?
You don't have enough gold for that! [a] - 729 gold - haste, resistance, lignification and might [b] - 200 gold - resistance [c] - 675 gold - lignification, might, resistance and haste Purchase which effect?
You no longer have enough gold to petition Gozag for potion effects.
You feel protected. The gnoll closely misses you.
The gnoll hits you from afar with a +0 halberd!
* * * LOW HITPOINT WARNING * * *
Okay, then.
You feel better. The gnoll completely misses you.
The gnoll hits you from afar with a +0 halberd!
* * * LOW HITPOINT WARNING * * *
Your transformation has ended.
You turn into a tree.
Your +0 animal skin melds into your body.
Your roots penetrate the ground.
The gnoll hits you with a +0 whip.
* * * LOW HITPOINT WARNING * * *
The gnoll hits you but does no damage.
Reach: g) +3 bardiche (heavy)
Press: ? - help, Dir - move target, f - gnoll
Aim: a gnoll, wielding a +0 whip (about 46% to evade your +3 heavy bardiche)
You barely miss the gnoll.
The gnoll hits you but does no damage. x4
The gnoll hits you with a +0 whip.
You die...
Your body crumbles into a pile of gold.

######### ## #.......# .##
##### #.......#
#.########...########.......#
................♣gg)........#
..########>...#######.......#
.<...# ##....## #.......#
.###.# #.....# #.......# .#
#.# #....## ####.#### .###.#
#.....# #.# .....# #.....#
#.# ###..# #.....# #.# .....#
##...## #.#


You could see 2 gnolls.

Vanquished Creatures
  2 black bears (D:5)
  An ogre (D:4)
  2 scorpions
  2 gnoll boudas (D:5)
  An orc priest (D:5)
  2 hounds (D:5)
  Jessica (D:2)
  An iguana (D:4)
  An orc wizard (D:5)
  2 mummies (Ossuary)
  12 gnolls
  4 adders
  A white imp (D:4)
  An adder zombie (Ossuary)
  2 worms
  A dart slug (D:1)
  8 orcs
  8 endoplasms
  5 giant cockroaches
  6 hobgoblins
  3 jackals (D:5)
  4 quokkas
  8 ball pythons
  8 bats
  4 frilled lizards
  13 goblins
  A goblin zombie (Ossuary)
  9 hobgoblin zombies (Ossuary)
  4 jackal zombies (Ossuary)
  9 kobolds
  12 kobold zombies (Ossuary)
  7 orc zombies (Ossuary)
  3 rats
  2 rat zombies (Ossuary)
150 creatures vanquished.

Notes
Turn   | Place    | Note
-------+----------+-------------------------------------------
     0 | D:1      | Shayle the Ogre Shapeshifter began the quest for the Orb.
     0 | D:1      | Reached XP level 1. HP: 19/19 MP: 1/1
    79 | D:1      | Reached XP level 2. HP: 25/28 MP: 2/2
   131 | D:1      | Reached skill level 2 in Fighting
   407 | D:1      | Reached XP level 3. HP: 32/36 MP: 3/3
   889 | D:2      | Reached skill level 3 in Fighting
   981 | D:2      | Noticed Jessica
  1057 | D:2      | Killed Jessica
  1058 | D:2      | Reached XP level 4. HP: 15/48 MP: 4/4
  1587 | D:2      | Found a runed translucent door.
  1588 | D:2      | Noticed Crazy Yiuf
  1661 | D:3      | Found an ornate altar of the Wu Jian Council.
  1712 | D:3      | Reached skill level 4 in Fighting
  1923 | D:3      | Reached XP level 5. HP: 19/54 MP: 5/5
  1926 | D:3      | HP: 2/54 [gnoll/+0 spear (2)]
  2111 | D:3      | Found a hide-covered altar of Uskayaw.
  2319 | D:3      | Found a stormy altar of Qazlal.
  2454 | D:3      | Found an opulent altar of Gozag.
  2533 | D:3      | Became a worshipper of Gozag Ym Sagoz the Greedy
  2803 | D:4      | Reached skill level 5 in Fighting
  2808 | D:4      | Noticed an ogre
  2814 | D:4      | Killed an ogre
  2815 | D:4      | Reached XP level 6. HP: 66/66 MP: 6/6
  2868 | D:4      | Found a sand-covered staircase.
  2873 | Ossuary  | Entered an ossuary
  3424 | D:4      | Reached skill level 6 in Fighting
  3653 | D:4      | Reached skill level 5 in Unarmed Combat
  3826 | D:4      | Found an iron altar of Okawaru.
  3993 | D:4      | Reached XP level 7. HP: 76/76 MP: 7/7
  4057 | D:5      | Entered Level 5 of the Dungeon
  4204 | D:5      | Reached skill level 7 in Fighting
  4503 | D:5      | Found Cyescheid's Distillery.
  4509 | D:5      | Bought a potion of heal wounds for 55 gold pieces
  4509 | D:5      | Bought a potion of curing for 33 gold pieces
  4509 | D:5      | Bought a potion of heal wounds for 55 gold pieces
  5172 | D:5      | Reached skill level 8 in Fighting
  5172 | D:5      | Reached XP level 8. HP: 34/88 MP: 8/8
  5370 | D:5      | HP: 3/89 [gnoll/+0 halberd[a gnoll bouda] (8)]
  5386 | D:5      | HP: 2/89 [gnoll/+0 halberd[a gnoll bouda] (13)]
  5389 | D:5      | Slain by a gnoll

Illustrated notes

Levels and vault maps discovered:
D:1:      roderic_chinese_lattice_arrival, layout_loops_ring, hex_tiny,
          serial_bayou_crossing
D:2:      layout_rooms, hangedman_abyss_or_decor_lesser_grid, uniq_jessica,
          uniq_crazy_yiuf_cottage
D:3:      layout_loops_ring, mainiacjoe_overflow_small_starburst,
          nzn_wu_jian_contemplation, mainiacjoe_overflow_surrounded_room,
          mainiacjoe_overflow_alcove_4, hangedman_decor_clover_reticule,
          dreamdust_mushroom_princess, minmay_misc_feat_columns
D:4:      layout_basic, okawaru_altar_gauntlet_db, enter_ossuary_2
D:5:      layout_loops_corners, nzn_hepliaklqana_mist_gate, serial_shops, shop,
          chequers_avenue, minmay_misc_feat_hallway, nicolae_fountain_basement

Skill      XL: |  1  2  3  4  5  6  7 |
---------------+----------------------+-----
Fighting       | 2 3 4 5 6 8 |  8.3
Unarmed Combat | 3 4 5 6 |  6.3
Dodging        | |  1.9
Shapeshifting  | |  3.0

Action                     |  1- 3 |  4- 6 |  7- 9 || total
---------------------------+-------+-------+-------++-------
  Melee: Unarmed           |   114 |    93 |       ||   207
         Punch             |       |     2 |       ||     2
         Bardiche          |       |   146 |    54 ||   200
 Invoke: Potion Petition   |       |       |     1 ||     1
    Use: Potion            |       |     7 |     8 ||    15
         Scroll            |       |    10 |     2 ||    12
   Stab: Invisible         |       |       |     2 ||     2
 Armour: Animal skin       |    34 |    71 |    13 ||   118
         Skin              |       |     3 |     5 ||     8
  Dodge: Dodged            |    42 |   277 |   101 ||   420

Table legend: (Time is in decaauts)
 A = Elapsed time spent in this place.
 B = Non-inter-level travel time spent in this place.
 C = Inter-level travel time spent in this place.
 D = Time resting spent in this place.
 E = Time spent auto-exploring this place.
 F = Levels seen in this place.
 G = Mean time per level.
                   A        B        C        D        E       F      G
               +--------+--------+--------+--------+--------+-----+--------+
         Total |   5631 |   5345 |    286 |    608 |   3110 |   6 |  938.5 |
       Dungeon |   5071 |   4785 |    286 |    518 |   3052 |   5 | 1014.2 |
       Ossuary |    559 |    559 |      0 |     90 |     58 |   1 |  559.0 |
               +--------+--------+--------+--------+--------+-----+--------+

Top non-repeatable levels by time:
     D:5: 1348 daAuts
     D:3: 1068 daAuts
     D:4: 1058 daAuts
     D:1: 846 daAuts
     D:2: 749 daAuts
 Ossuary: 559 daAuts
